Cogmind - Beta 11.1 @@@ ROGUE MODE // 2022.07.10 @ 01:18:07 Player: ktur Result: Destroyed by as-00197 with Assembled Blade Performance ------------- Evolutions (0) 0 Regions Visited (2) 400 Robots Destroyed (25) 125 Value Destroyed (669) 669 Prototype IDs (5) 100 Alien Tech Used (0) 0 Bonus (0) 0 TOTAL SCORE: 1294 Bonus ------- None Cogmind --------- Core Integrity 0/250 Matter 257/300 Energy 14/100 System Corruption 0% Temperature Warm (112) Movement Core (700) Ox13 Location -10/Mines Parts ------- > --- POWER (1) -------- (None) > --- PROPULSION (2) --- (None) > --- UTILITY (2) ------ High-capacity Storage Unit Shield Generator > --- WEAPON (2) ------- (None) > --- INVENTORY (20) --- Light Nuclear Core Light Treads Light Treads Huge Storage Unit Transport Network Coupler Targeting Computer Shield Generator Shield Generator Shield Generator Hacking Suite Medium Laser Medium Laser Light EM Pulse Cannon Light EM Pulse Cannon Light EM Pulse Cannon Light EM Pulse Cannon Assault Rifle Improved Light Cannon Improved Light Cannon Mining Claw Peak State ------------ > --- POWER ------------ Ion Engine > --- PROPULSION ------- Light Treads Light Treads > --- UTILITY ---------- High-capacity Storage Unit Shield Generator > --- WEAPON ----------- Improved Light Cannon Improved Light Cannon > --- INVENTORY -------- Light Nuclear Core Light Treads Light Treads Huge Storage Unit Transport Network Coupler Shield Generator Shield Generator Shield Generator Tractor Beam Medium Laser Medium Laser Medium Laser Light EM Pulse Cannon Light EM Pulse Cannon Light EM Pulse Cannon Light EM Pulse Cannon Assault Rifle Improved Light Cannon Improved Light Cannon Mining Claw [Rating: 13] Favorites ----------- Power Ion Engine Engine Ion Engine Propulsion Light Treads Treads Light Treads Utility Shield Generator Device Shield Generator Storage High-capacity Storage Unit Weapon Improved Light Cannon Energy Gun Small Laser Ballistic Gun Assault Rifle Ballistic Cannon Improved Light Cannon Build | -11 -10 -10 ------- Run | Scr Mat Min Slots Evolved . | . . . Power . | . . . Propulsion . | . . . Utility . | . . . Weapon . | . . . Parts Attached 25 | 6 19 . Power 3 | 1 2 . Engine 3 | 1 2 . Core . | . . . Reactor . | . . . Propulsion 5 | 2 3 . Treads 5 | 2 3 . Leg . | . . . Wheel . | . . . Hover . | . . . Flight . | . . . Utility 5 | 1 4 . Device 2 | . 2 . Storage 3 | 1 2 . Processor . | . . . Hackware . | . . . Protection . | . . . Artifact . | . . . Weapon 12 | 2 10 . Energy Gun 1 | . 1 . Energy Cannon . | . . . Ballistic Gun 6 | 2 4 . Ballistic Cannon 5 | . 5 . Launcher . | . . . Special Weapon . | . . . Impact Weapon . | . . . Slashing Weapon . | . . . Piercing Weapon . | . . . Special Melee Weapon . | . . . Unidentified Prototypes . | . . . Parts Lost 8 | . 3 5 Power 2 | . 1 1 Propulsion 2 | . . 2 Utility . | . . . Weapon 4 | . 2 2 Highest Loss Streak 5 | . 2 5 To Critical Strikes 1 | . . 1 Average Slot Usage (%) 98 | . 98 96 Engine 14 | . 14 14 Treads 27 | . 27 24 Device 13 | . 13 14 Storage 14 | . 14 14 Ballistic Gun 10 | . 10 . Ballistic Cannon 17 | . 16 28 Naked Turns . | . . . Heaviest Build 55 | 13 55 55 Greatest Support 40 | 40 40 40 Greatest Overweight (x) 1 | . 1 1 Average Overweight (x) . | . . 1 Largest Inventory Capacity 20 | 8 20 20 Average Capacity 16 | 7 16 20 Most Carried 20 | 6 20 20 Average Carried 15 | 3 15 20 Final Capacity 20 | 8 20 20 Final Carried 20 | 6 20 20 Class Distribution -------------------- 100% | Mutant Dominant Class ---------------- Mutant | -10/Materials Mutant | -10/Mines Resources | -11 -10 -10 ----------- Run | Scr Mat Min Matter Collected 786 | 191 595 . Remotely . | . . . Salvage Created 812 | . 800 12 Parts 61 | . 61 . Haulers Intercepted 2 | . 2 . Recyclers Shooed 4 | . 4 . Parts Field Recycled . | . . . Retrieved Matter . | . . . Parts Self-Destructed . | . . . Prevented . | . . . Kills | -11 -10 -10 ------- Run | Scr Mat Min Combat Hostiles Destroyed 19 | . 17 2 Guns 9 | . 9 . Cannons 10 | . 8 2 Classes Destroyed 7 | . 6 1 Worker 1 | . 1 . Builder 3 | . 3 . Hauler 2 | . 2 . Operator 1 | . 1 . Watcher 1 | . 1 . Grunt 17 | . 17 . Assembled 2 | . . 2 Best Kill Streak 5 | . 5 2 Combat Bots Only 4 | . 4 2 Max Kills in Single Turn 2 | . 2 1 Gunslinging . | . . . Exploded . | . . . Melee . | . . . Uniques/NPCs Destroyed . | . . . Combat | -11 -10 -10 -------- Run | Scr Mat Min Damage Taken 1288 | . 647 641 Core 254 | . 83 171 Absorbed by Shields 108 | . 27 81 Regen/Repaired (Parts) 138 | . 138 . Core Remaining (%) 100 | 100 . . Volleys Fired 104 | . 95 9 Largest 2 | . 2 2 Hottest 78 | . 78 78 Shots Fired 166 | . 149 17 Gun 119 | . 119 . Cannon 47 | . 30 17 Launcher . | . . . Special . | . . . Kinetic 161 | . 144 17 Thermal 5 | . 5 . Explosive . | . . . Electromagnetic . | . . . Robot Hit Streak 9 | . 9 1 Robot Miss Streak 6 | . 3 6 Penetration Max . | . . . Secondary Targets 2 | . 2 . Max Gunslinging Chain 1 | . 1 . Shots Hit Robots 103 | . 99 4 Core Hits 46 | . 44 2 Critical Kills . | . . . Critical Parts Destroyed 3 | . 3 . Critical Strikes 6 | . 6 . Destroy 3 | . 3 . Blast 3 | . 3 . Melee Attacks . | . . . Impact . | . . . Slashing . | . . . Piercing . | . . . Sneak Attacks . | . . . Combat Hostiles . | . . . Follow-up Attacks . | . . . Damage Inflicted 1493 | . 1296 197 Guns 893 | . 893 . Cannons 580 | . 383 197 Explosions . | . . . Melee . | . . . Ramming 20 | . 20 . Kinetic 1438 | . 1241 197 Thermal 35 | . 35 . Explosive . | . . . Electromagnetic . | . . . Impact . | . . . Slashing . | . . . Piercing . | . . . Highest Corruption . | . . . Average Corruption . | . . . Corruption Purged . | . . . Corruption Blocked . | . . . Overload Shots . | . . . Overflow Damage 22 | . . 22 Projectiles 22 | . . 22 Explosions . | . . . Melee . | . . . Knockbacks 10 | . 4 6 Impact . | . . . Kinetic 10 | . 4 6 Secondary . | . . . Self-Inflicted Damage . | . . . Shots . | . . . Rammed 8 | . 8 . Targets Rammed 8 | . 8 . Kicked . | . . . Crushed . | . . . Highest Temperature 128 | . 128 124 Average Temperature 45 | . 36 76 Received Heat Transfer 396 | . 396 . Siege Activations . | . . . Robots Corrupted . | . . . Combat Hostiles . | . . . Parts Fried . | . . . Impact Corruptions . | . . . Robots Melted . | . . . Combat Hostiles . | . . . Parts Melted . | . . . Heat Transferred 75 | . 75 . Parts Sabotaged . | . . . Parts Stolen . | . . . Parts Stripped . | . . . Power Chain Reactions . | . . . Missiles Intercepted . | . . . Alert | -11 -10 -10 ------- Run | Scr Mat Min Peak Influence 205 | . 205 55 Initial 37 | . . 37 Average 44 | . 46 41 Maximum Alert Level 1 | . 1 . Low Security (%) 98 | 100 98 100 Level 1 1 | . 1 . Level 2 . | . . . Level 3 . | . . . Level 4 . | . . . Level 5 . | . . . High Security . | . . . Max Security . | . . . Squads Dispatched 5 | . 5 . Investigation 4 | . 4 . Extermination . | . . . Reinforcement 1 | . 1 . Assault . | . . . Garrison . | . . . Intercept . | . . . Searches Triggered . | . . . Construction Impeded . | . . . Haulers Reinforced . | . . . Active Scanning Responses . | . . . Cargo Convoy Interrupts . | . . . Stealth | -11 -10 -10 --------- Run | Scr Mat Min Distress Signals 3 | . 3 . Communications Jammed . | . . . Distress Signals . | . . . Times Spotted 46 | . 37 9 Peak Tracking Total 9 | . 5 9 Tactical Retreats . | . . . Traps | -11 -10 -10 ------- Run | Scr Mat Min Traps Triggered 3 | . 3 . Indirectly . | . . . Trap Hack Attempts . | . . . Triggered . | . . . Disarmed . | . . . Reprogrammed . | . . . Reused . | . . . Traps Extracted . | . . . Installed . | . . . Triggered . | . . . Machines | -11 -10 -10 ---------- Run | Scr Mat Min Machines Disabled . | . . . Max in Single Turn . | . . . Machines Sabotaged . | . . . Garrisons Compromised . | . . . Overloaded Fab Kills . | . . . Hacking | -11 -10 -10 --------- Run | Scr Mat Min Machines Accessed 10 | . 10 . Terminals 7 | . 7 . Fabricators . | . . . Repair Stations 1 | . 1 . Recycling Units 2 | . 2 . Scanalyzers . | . . . Garrison Access . | . . . Total Hacks 21 | . 21 . Successful 16 | . 16 . Failed 4 | . 4 . Catastrophic . | . . . Database Lockouts 1 | . 1 . Manual 12 | . 12 . Terminals 17 | . 17 . Fabricators . | . . . Repair Stations 2 | . 2 . Recycling Units 2 | . 2 . Scanalyzers . | . . . Garrison Access . | . . . Terminal Hacks 9 | . 9 . Robot Analysis 3 | . 3 . Prototype ID Bank 3 | . 3 . Alert Level 1 | . 1 . Locate Traps 2 | . 2 . Fabricator Hacks . | . . . Repair Station Hacks 2 | . 2 . Scan Component 1 | . 1 . Repair 1 | . 1 . Recycling Unit Hacks . | . . . Scanalyzer . | . . . Garrison Access Hacks . | . . . Unauthorized Hacks 5 | . 5 . Terminals 3 | . 3 . Botnet 2 | . 2 . Operators 1 | . 1 . Fabricators . | . . . Repair Stations . | . . . Recycling Units 2 | . 2 . Tunnel 2 | . 2 . Scanalyzers . | . . . Garrison Access . | . . . Data Cores Recovered . | . . . Used . | . . . Hacking Detections 7 | . 7 . Full Trace Events . | . . . Feedback Events . | . . . Feedback Blocked . | . . . Robot Schematics Acquired . | . . . Robots Built . | . . . Authchips . | . . . Time . | . . . Total Robot Build Rating . | . . . Part Schematics Acquired . | . . . Parts Built . | . . . Authchips . | . . . Time . | . . . Total Part Build Rating . | . . . Parts Repaired 1 | . 1 . Time 26 | . 26 . Parts Recycled . | . . . Recycled Matter . | . . . Retrieved Matter . | . . . Retrieved Components . | . . . Parts Scanalyzed . | . . . Part Schematics Acquired . | . . . Parts Damaged . | . . . Bothacking | -11 -10 -10 ------------ Run | Scr Mat Min Used RIF Installer . | . . . Robots Hacked . | . . . Non-combat . | . . . Combat . | . . . Robot Hacks Applied . | . . . Relay Couplers Released . | . . . Fabnet Peak Effective % . | . . . Robots Rewired . | . . . Allies Hacked . | . . . Hacks Repelled . | . . . Allies | -11 -10 -10 -------- Run | Scr Mat Min Total Allies . | . . . Largest Group . | . . . Highest-Rated Group . | . . . Highest-Rated Ally . | . . . Total Orders . | . . . Ally Attacks . | . . . Total Damage . | . . . Kills . | . . . Allies Corrupted . | . . . Allies Melted . | . . . Intel | -11 -10 -10 ------- Run | Scr Mat Min Robot Analysis Total 3 | . 3 . Derelict Logs Recovered . | . . . Drone Launches . | . . . Drone Recoveries . | . . . Exploration | -11 -10 -10 ------------- Run | Scr Mat Min Turns Passed 2525 | 78 2404 43 Spaces Moved 927 | 46 874 7 Core 9 | 9 . . Treads 918 | 37 874 7 Legs . | . . . Wheels . | . . . Hover . | . . . Flight . | . . . Fastest Speed 50 | 50 160 240 Average Speed 208 | 138 211 240 Slowest Speed 240 | 160 240 240 Overloaded Moves . | . . . Propulsion Burnouts . | . . . Robots Hopped . | . . . Cave-ins Triggered . | . . . Exploration Rate (%) 36 | 4 98 6 Regions Visited 2 Branch Regions 1 Pre-discovered Areas 2 | . 2 . Known Exits Taken . | . . . Unknown Exits Taken 2 | 1 1 . Scrap Searched . | . . . Spaces Dug . | . . . Terrain Destroyed 2 | . 1 1 Melee . | . . . Projectile 2 | . 1 1 AOE . | . . . Terrain Rammed . | . . . Walls Destroyed . | . . . Machines Disabled . | . . . Actions | -11 -10 -10 --------- Run | Scr Mat Min Total 1354 | 58 1280 16 Wait 239 | . 239 . Move 925 | 45 873 7 Hop . | . . . Pick Up 34 | 7 27 . Fast Attach 13 | 5 8 . Attach 3 | 1 2 . Detach 3 | . 3 . Swap 9 | . 9 . Drop 16 | . 16 . Fire 104 | . 95 9 Melee . | . . . Ram . | . . . Kick . | . . . Crush 8 | . 8 . Escape Stasis . | . . . Rewire . | . . . Trap . | . . . Miscellaneous . | . . . Route ------- -11/Scrapyard -10/Materials (discovered 5 exits: [*Mat x3] / [*Min x2]) -10/Mines History --------- Turn | Location | Event 8 | -11/Scrapyard | Discovered new exit (range 15) 79 | -11/Scrapyard | Entered Materials 308 | -10/Materials | Build established: Mutant 425 | -10/Materials | Discovered new exit (range 16) 697 | -10/Materials | Discovered new exit (range 13) 1565 | -10/Materials | Discovered new exit (range 16) 1613 | -10/Materials | Repaired Lgt. Treads 1940 | -10/Materials | Discovered new exit (range 12) 1945 | -10/Materials | Central database locked down 2054 | -10/Materials | Discovered new exit (range 15) 2483 | -10/Materials | Entered Mines 2484 | -10/Mines | Assembled infested the area 2510 | -10/Mines | Core integrity fell below 50% 2522 | -10/Mines | Core integrity fell below 20% 2526 | -10/Mines | Destroyed by as-00197 with Assembled Blade Last Messages --------------- LOCATION=UNKNOWN GOAL=ESCAPE Something is scanning the area. 02484_ ALERT: Infestation in the mines, dispatching Demolisher response squad. 02503_ as-39843 knocked back. 02506_ Destroyed Asb. Hover Unit. 02506_ as-39843 knocked back. 02509_ as-14949 destroyed. 02509_ as-39843 knocked back. 02510_ Critical hit (Destroy). 02510_ Lgt. Treads destroyed. 02515_ as-18370 knocked back. 02518_ as-39843 knocked back. 02520_ Ion Engine destroyed. 02522_ Lgt. Treads destroyed. 02524_ Imp. Light Cannon destroyed. 02524_ Destroyed Asb. Blade. 02524_ as-39843 destroyed. 02525_ Imp. Light Cannon destroyed. Map ----- +----------------------------------------------------+ | | | | | | | | | | | ????????????????????????????????? | | ????????????????????????????????? | | ????????????????????????????????? | | ????????????????????????????????? | | ????????????????????????????????? | | ????????????????????????????????? | | ????????????????????????????????? | | ????????????????????????????????? | | ????????????????????????????????? | | ????????????????????????????????? | | ????????????????????????????????? | | ????????????????????????????????? | | ????????????????????????????????? | | ????????????????????????????????? | | ????????????????????????######??? | | ????????????????????????# ##?? | | ???????????????????????## #?? | | ??????????????????????## """ #?? | | ???????????????????#;## """ ##? | | ???????????????????## % """ #? | | ??????????????###### % %@""" #? | | ??????????????# a a %aa #? | | ??????????# ## % #? | | ??????????????????# ##? | | ??????????????????#a ####?? | | ??????????????# a ##????? | | ??????????????# ### ##?????? | | ??????????????# ???## #??????? | | ??????????????#?????# ??????? | | ????????????????????## ?????? | | ?????????????????????##### #????? | | ??????????????????????????##????? | | ????????????????????????????????? | | ????????????????????????????????? | | ????????????????????????????????? | | ????????????????????????????????? | | ????????????????????????????????? | | ????????????????????????????????? | | ????????????????????????????????? | | ????????????????????????????????? | | ????????????????????????????????? | | ????????????????????????????????? | | ????????????????????????????????? | | ????????????????????????????????? | | ????????????????????????????????? | +----------------------------------------------------+ Best States ------------- Heat Dissipation 39 Energy Generation 10 Energy Capacity 250 Matter Stores 300 Matter Capacity 300 Sight Range 16 Terrain Scan Density 10 Evasion (%) 50 Recoil Reduction 2 Item Schematics ----------------- None Robot Schematics ------------------ None Fabricated ------------ Nothing Alien Tech Used ----------------- None Achievements -------------- None Challenges ------------ None Game ------ Seed BiocellSpliceMantle Manual? 0 Play Time 00:11:17 Cumulative 525.4 hours Start 2022.07.10 @ 01:06:59 End 2022.07.10 @ 01:18:07 Sessions 1 Manual Loads 0 Difficulty Rogue Special Mode None Game No. 477 Rogue 477 Adventurer 0 Explorer 0 Win Type - Total 24 Types 13/2/5/2/0/0/1/1/0 Lore% 94 Gallery% 93 Achievement% 78 Wizard Run 0 Options --------- ASCII 0 Keyboard 0 Movement Arrows Keybinds 0 Fullscreen 1 Font 18/Smallcaps Map View 76x50 Tactical HUD 1 Map Filters NONE Filters NONE Steam 1 RUN: 5f0526cc-0a9f-4c05-bfe1-1cc966e62169